 Dungeon Crawl Stone Soup version 0.29-a0-451-gfbfa42419e (webtiles) character file.

Game seed: 12222607543814557001

1718 Impy the Bolt Thrower (level 8, -3/65 HPs)
             Began as a Demonspawn Hunter on May 19, 2022.
             Was a Believer of Okawaru.
             Succumbed to a water moccasin's poison
             ... on level 6 of the Dungeon.
             The game lasted 00:11:57 (5868 turns).

Impy the Bolt Thrower (Demonspawn Hunter)           Turns: 5868, Time: 00:11:58

Health: -3/65      AC:  3    Str: 13    XL:     8   Next: 75%
Magic:  6/8        EV: 20    Int: 15    God:    Okawaru [**....]
Gold:   307        SH:  0    Dex: 22    Spells: 7/7 levels left

rFire   + + .      SeeInvis .   a - +1 hand crossbow
rCold   + . .      Faith    .   (no shield)
rNeg    . . .      Spirit   .   b - +0 leather armour
rPois   +          Reflect  .   (no helmet)
rElec   +          Harm     .   (no cloak)
rCorr   +          Rampage  .   (no gloves)
Will    .....      Rage     1%  (no boots)
Stlth   +++.......              (no amulet)
HPRegen 0.20/turn               f - ring of Poisipt {rF+ Int+5 Dex+2}
MPRegen 0.11/turn               e - ring of poison resistance

@: mighty, lethally poisoned (-3 -> -19), resistant, heroic, studying 2 skills
A: powered by pain 1, demonic magic 1, agile 1, berserk 1
a: Renounce Religion, Heroism


You were on level 6 of the Dungeon.
You worshipped Okawaru.
Okawaru was pleased with you.
You visited 1 branch of the dungeon, and saw 6 of its levels.

You collected 307 gold pieces.

Inventory:

Hand Weapons
 a - a +1 hand crossbow (weapon)
Missiles
 o - 2 throwing nets
Armour
 b - a +0 leather armour (worn)
 q - an orb of guile
Jewellery
 d - a ring of resist corrosion
 e - a ring of poison resistance (right hand)
 f - the ring of Poisipt (left hand) {rF+ Int+5 Dex+2}
   (You acquired it on level 2 of the Dungeon)

   [ring of protection from fire]

   Int:       It affects your intelligence (+5).
   Dex:       It affects your dexterity (+2).
   rF:        It protects you from fire.
 n - a ring of fire
Scrolls
 c - 2 scrolls of immolation
 g - a scroll of magic mapping
 h - a scroll of fear
 i - a scroll of amnesia
 j - 3 scrolls of teleportation
 m - 3 scrolls of identify
Potions
 l - a potion of flight


   Skills:
 + Level 6.8(11.8) Fighting
 + Level 6.9(11.9) Crossbows
 + Level 6.1(11.1) Dodging
 - Level 0.8(5.8) Stealth


You had 7 spell levels left.
You didn't know any spells.
Your spell library contained the following spells:

 Spells                   Type           Power      Damage    Failure   Level
 Scorch                   Fire           0%         2d5       45%         2
 Frozen Ramparts          Ice            0%         1d2       69%         3
 Cause Fear               Hex            0%         N/A       97%         4
 Flame Wave               Conj/Fire      0%         2d4       97%         4
 Ice Form                 Ice/Tmut       0%         N/A       97%         4
 Dragon Form              Tmut           0%         N/A       100%        7
 Summon Ice Beast         Ice/Summ       Unusable   N/A       N/A         4
 Summon Cactus Giant      Summ           Unusable   N/A       N/A         6
 Dragon's Call            Summ           Unusable   N/A       N/A         9

Dungeon Overview and Level Annotations

Branches:
Dungeon (6/15)
 Temple: D:4-7

Altars:
Okawaru

Shops:
D:4 =

Annotations:
D:4 3 runed translucent doors, Serus's ghost, novice GnAM


Innate Abilities, Weirdness & Mutations

You sometimes gain a little power by taking damage.
Spells you cast may paralyse adjacent enemies.
You are agile. (Dex +2)
You tend to lose your temper in combat.


Message History

Shoot: a) +1 hand crossbow
Press: ? - help, Shift-Dir - straight line, f/p - ogre
Aim: an ogre, wielding a +0 giant club (almost dead, 81% to hit)
You shoot a bolt. The bolt hits the ogre!
You kill the ogre!
Okawaru accepts your kill. The water moccasin bites you!
* * * LOW HITPOINT WARNING * * *
You focus on the pain.
You feel mightier all of a sudden.
You feel better.
The water moccasin completely misses you.
Shoot: a) +1 hand crossbow
Press: ? - help, Shift-Dir - straight line, f - water moccasin
Aim: a water moccasin (57% to hit)
You shoot a bolt. The bolt misses the water moccasin.
The water moccasin bites you.
* * * LOW HITPOINT WARNING * * *
The water moccasin barely misses you.
It was a potion of resistance.
You feel protected. The water moccasin barely misses you.
You gain the combat prowess of a mighty hero.
The water moccasin barely misses you.
The water moccasin bites you but does no damage.
Shoot: a) +1 hand crossbow
Press: ? - help, Shift-Dir - straight line, f/p - water moccasin
Aim: a water moccasin (61% to hit)
You shoot a bolt. The bolt hits the water moccasin!
The water moccasin is severely wounded.
The water moccasin bites you.
* * * LOW HITPOINT WARNING * * *
You are lethally poisoned!
The water moccasin poisons you!
Shoot: a) +1 hand crossbow
Press: ? - help, Shift-Dir - straight line, f/p - water moccasin
Aim: a water moccasin (severely wounded, 61% to hit)
You shoot a bolt.
The bolt barely misses the water moccasin.
You die...

###.#####..........# #.#
####.......# ###.# ###.##### ##
## #...# ##+## #.# #. #.###
##...## #.# #. #.#### ##.....##
##.#. #.##.## ##.......##
##...#########.#...####.........#
.............).S@..)).).........+
##...#########.#...####..)......#
##..# #.##.## ##.......## ##.#
##.#### ##.....## ... #...####
##...## ..# #......# ###'#####
#.## #...##.######........ #.
###.............####.
#.......###...## #.


You could see a water moccasin.

Vanquished Creatures
  An orc warrior (D:6)
  A sky beast (D:6)
  2 ice beasts (D:6)
  2 black bears (D:5)
  4 ogres
  3 phantoms
  2 scorpions (D:5)
  A jelly (D:4)
  An orc priest (D:5)
  4 hounds
  Jessica (D:2)
  2 iguanas
  An orc wizard (D:6)
  8 adders
  3 gnolls (D:4)
  2 white imps (D:5)
  An ufetubus (D:5)
  2 worms (D:2)
  2 dart slugs (D:1)
  11 orcs
  7 ball pythons
  11 bats
  3 endoplasms
  6 goblins
  10 hobgoblins
  3 quokkas (D:2)
  4 frilled lizards
  9 kobolds
  6 rats
113 creatures vanquished.

Notes
Turn   | Place    | Note
-------+----------+-------------------------------------------
     0 | D:1      | Impy the Demonspawn Hunter began the quest for the Orb.
     0 | D:1      | Reached XP level 1. HP: 16/16 MP: 1/1
   183 | D:1      | Gained mutation: You sometimes gain a little power by
                  | taking damage. [demonic ancestry]
   183 | D:1      | Reached XP level 2. HP: 22/22 MP: 2/2
   208 | D:1      | Found a faded altar of an unknown god.
   209 | D:1      | You fall into a shaft and drop 1 floor!
   286 | D:2      | Identified a scroll of acquirement
   286 | D:2      | Acquired the ring of Poisipt {rF+ Int+5 Dex+2}
   461 | D:2      | Reached XP level 3. HP: 5/28 MP: 3/3
  1032 | D:2      | Noticed Jessica
  1036 | D:2      | Killed Jessica
  1037 | D:2      | Reached XP level 4. HP: 35/35 MP: 4/4
  2278 | D:3      | Found an iron altar of Okawaru.
  2286 | D:3      | Became a worshipper of Warmaster Okawaru
  2352 | D:3      | Reached XP level 5. HP: 40/41 MP: 5/5
  2897 | D:4      | Found a runed translucent gate.
  2897 | D:4      | Found a runed translucent gate.
  2897 | D:4      | Found a runed translucent gate.
  2898 | D:4      | Noticed Serus's ghost (novice GnAM)
  3357 | D:4      | Gained mutation: You tend to lose your temper in combat.
                  | [potion of mutation]
  3357 | D:4      | Gained mutation: You are agile. (Dex +2) [potion of
                  | mutation]
  3729 | D:4      | Found Gurphyn's Jewellery Shop.
  3764 | D:5      | Entered Level 5 of the Dungeon
  3766 | D:5      | Identified the +4 ring mail of Bixt {rN++ Int+2 Slay-4}
  3789 | D:5      | Gained mutation: Spells you cast may paralyse adjacent
                  | enemies. [demonic ancestry]
  3789 | D:5      | Reached XP level 6. HP: 48/48 MP: 6/6
  3816 | D:5      | Reached * piety under Okawaru
  3817 | D:5      | Reached skill level 5 in Crossbows
  4033 | D:5      | Reached XP level 7. HP: 41/55 MP: 7/7
  4292 | D:5      | Reached skill level 5 in Fighting
  4471 | D:5      | Reached skill level 5 in Dodging
  4772 | D:5      | Reached ** piety under Okawaru
  4773 | D:5      | Reached XP level 8. HP: 47/64 MP: 8/8
  5862 | D:6      | HP: 2/65 [water moccasin (9)]
  5867 | D:6      | HP: 1/65 [water moccasin (4)]
  5868 | D:6      | Succumbed to a water moccasin's poison

Illustrated notes

Levels and vault maps discovered:
D:1:      lightli_arrival_chessboard, layout_loops_cross,
          shapermc_ecumenical_altar_mp_highgroup
D:2:      minmay_thinvault, layout_loops_corners, minmay_pentomino_w4,
          uniq_jessica
D:3:      layout_rooms, okawaru_gym_becter, glass_columns_a
D:4:      layout_gridville, serial_shops, kennysheep_little_box,
          gammafunk_ghost_split
D:5:      layout_rooms, minmay_manual_moon
D:6:      layout_loops_corners, amcnicky_mini_rare_corridor_liquid, uniq_maggie,
          uniq_duvessa

Skill      XL: |  1  2  3  4  5  6  7  8 |
---------------+-------------------------+-----
Dodging        | 2 3 4 5 6 |  6.1
Crossbows      | 4 5 6 |  6.9
Fighting       | 3 4 5 6 |  6.8
Stealth        | |  0.8

Action                   |  1- 3 |  4- 6 |  7- 9 || total
-------------------------+-------+-------+-------++-------
Melee: Hand crossbow     |       |       |     7 ||     7
 Fire: Hand crossbow     |    79 |   166 |   165 ||   410
Invok: Heroism           |       |       |     2 ||     2
  Use: Scroll            |     6 |     4 |       ||    10
       Potion            |     5 |     3 |     4 ||    12
Armor: Leather armour    |    14 |    14 |    16 ||    44
Dodge: Dodged            |    27 |    53 |    66 ||   146

Table legend: (Time is in decaauts)
 A = Elapsed time spent in this place.
 B = Non-inter-level travel time spent in this place.
 C = Inter-level travel time spent in this place.
 D = Time resting spent in this place.
 E = Time spent auto-exploring this place.
 F = Levels seen in this place.
 G = Mean time per level.
                   A        B        C        D        E       F      G
               +--------+--------+--------+--------+--------+-----+--------+
         Total |   5990 |   5870 |    120 |     43 |   5021 |   6 |  998.3 |
       Dungeon |   5990 |   5870 |    120 |     43 |   5021 |   6 |  998.3 |
               +--------+--------+--------+--------+--------+-----+--------+

Top non-repeatable levels by time:
     D:2: 1611 daAuts
     D:5: 1277 daAuts
     D:4: 967 daAuts
     D:6: 890 daAuts
     D:1: 672 daAuts
     D:3: 571 daAuts
